 Dungeon Crawl Stone Soup version 0.24.0-123-gd5b16e6ec5 (webtiles) character file.

Game seed: 17512609447984214621, levelgen mode: deterministic

60 Norian the Conjurer (level 3, 0/19 HPs)
             Began as a Deep Elf Conjurer on Dec 19, 2019.
             Was an Initiate of Vehumet.
             Slain by Crazy Yiuf
             ... wielding a +2 quarterstaff of chaos
              (2 damage)
             ... on level 2 of the Dungeon.
             The game lasted 00:02:14 (2049 turns).

Norian the Conjurer (Deep Elf Conjurer)             Turns: 2049, Time: 00:02:15

Health: 0/19       AC:  5    Str:  6    XL:     3   Next: 82%
Magic:  8/11       EV: 13    Int: 19    God:    Vehumet [......]
Gold:   52         SH:  0    Dex: 15    Spells: 10/11 levels left

rFire    . . .     SeeInvis .   m - +0 short sword
rCold    . . .     Gourm    .   (no shield)
rNeg     . . .     Faith    .   a - +0 robe
rPois    .         Spirit   .   h - +2 hat
rElec    .         Reflect  .   (no cloak)
rCorr    .         Harm     .   g - +0 pair of gloves
MR       .....                  (no boots)
Stlth    ++........             (no amulet)
HPRegen  0.06/turn              (no ring)
MPRegen  0.12/turn              (no ring)

@: no status effects
A: no striking features
a: Renounce Religion


You were on level 2 of the Dungeon.
You worshipped Vehumet.
Vehumet was noncommittal.
You were very hungry.

You visited 1 branch of the dungeon, and saw 2 of its levels.

You collected 52 gold pieces.

Inventory:

Hand Weapons
 m - a +0 short sword (weapon)
Armour
 a - a +0 robe (worn)
 g - a +0 pair of gloves (worn)
 h - a +2 hat (worn)
Jewellery
 n - an uncursed ring of magical power {unknown}
Scrolls
 b - a scroll of enchant armour {unknown}
 f - 2 scrolls of identify {unknown}
 i - a scroll of teleportation {unknown}
Potions
 d - a potion of ambrosia {unknown}
 e - a potion of might {unknown}
 j - 2 potions of flight {unknown}
 k - a potion of brilliance {unknown}
 l - a potion of heal wounds {unknown}
Comestibles
 c - 5 rations


   Skills:
 - Level 2.4 Dodging
 - Level 2.4 Stealth
 + Level 4.5 Spellcasting
 + Level 5.3 Conjurations


You had 10 spell levels left.
You knew the following spells:

 Your Spells              Type           Power        Failure   Level  Hunger
a - Magic Dart            Conj           ###.         1%          1    None

Your spell library contained the following spells:

 Spells                   Type           Power        Failure   Level  Hunger
 Searing Ray              Conj           ###...       2%          2    #......
 Dazzling Spray           Conj/Hex       ##....       13%         3    ###....
 Iskenderun's Mystic Bla  Conj           ###.....     14%         4    ####...
 Force Lance              Conj/Tloc      ##......     41%         4    ####...
 Fulminant Prism          Conj/Hex       ##........   41%         4    ####...


Dungeon Overview and Level Annotations

Branches:
Dungeon (2/15)

Altars:
Elyvilon
Sif Muna
Trog
Vehumet
Zin

Annotations:
D:2 Crazy Yiuf


Message History

Crazy Yiuf closely misses you.
Casting: Magic Dart (safe; 1% risk of failure)
Confirm with . or Enter, or press ? or * to list all spells.
Aiming: Magic Dart (safe; 1% risk of failure)
Press: ? - help, Shift-Dir - straight line, f/p - Crazy Yiuf
Aim: Crazy Yiuf, wielding a +2 quarterstaff of chaos and wearing a +1 cloak (lightly wounded)
The magic dart hits Crazy Yiuf but does no damage.
Crazy Yiuf is lightly wounded.
Crazy Yiuf closely misses you.
Casting: Magic Dart (safe; 1% risk of failure)
Confirm with . or Enter, or press ? or * to list all spells.
Aiming: Magic Dart (safe; 1% risk of failure)
Press: ? - help, Shift-Dir - straight line, f/p - Crazy Yiuf
Aim: Crazy Yiuf, wielding a +2 quarterstaff of chaos and wearing a +1 cloak (lightly wounded)
The magic dart hits Crazy Yiuf.
Crazy Yiuf is moderately wounded.
Crazy Yiuf hits you with a +2 quarterstaff of chaos.
* * * LOW HITPOINT WARNING * * *
Crazy Yiuf freezes you.
You die...

##### #####...##
########### #.@g.....##
..........#####.####....#
#########.#.....# #....#
#...........##### ♣♣...♣
#.#######...##### ♣...♣
#.# #.......# ♣♣.♣♣ ####
#.# #.#.##### ♣♣.♣ #..#
#.## #.#.# ♣.♣♣ ##.#
...######.#.# ♣♣.♣ #.#


You could see Crazy Yiuf.

Vanquished Creatures
  2 adders (D:2)
  3 worms (D:2)
  2 leopard geckos
  5 bats
  6 goblins
  2 hobgoblins (D:1)
  4 jackals (D:1)
  A ball python (D:2)
  2 frilled lizards (D:2)
  2 kobolds (D:2)
  2 rats
31 creatures vanquished.

Notes
Turn   | Place    | Note
-------+----------+-------------------------------------------
     0 | D:1      | Norian the Deep Elf Conjurer began the quest for the Orb.
     0 | D:1      | Reached XP level 1. HP: 10/10 MP: 6/6
   695 | D:1      | Reached XP level 2. HP: 15/15 MP: 4/8
  1148 | D:2      | Found a bloodstained altar of Trog.
  1161 | D:2      | Found a shimmering blue altar of Sif Muna.
  1216 | D:2      | Found a runed translucent door.
  1217 | D:2      | Noticed Crazy Yiuf
  1237 | D:2      | Reached skill level 5 in Conjurations
  1237 | D:2      | Reached XP level 3. HP: 19/19 MP: 5/10
  1485 | D:2      | Found a glowing silver altar of Zin.
  1511 | D:2      | Found a white marble altar of Elyvilon.
  1803 | D:2      | Found a radiant altar of Vehumet.
  1811 | D:2      | Became a worshipper of Vehumet
  2049 | D:2      | Slain by Crazy Yiuf

Levels and vault maps discovered:
D:1:      shiori_arrival_maze, layout_basic
D:2:      layout_loops_ring, lemuel_round_altar, zin_treasury,
          lemuel_coloured_pillars_altar, overflow_temple_1_default,
          trog_three_pillars_becter, uniq_crazy_yiuf_cottage

Skill      XL: |  1  2 |
---------------+-------+-----
Spellcasting   | 4 |  4.5
Conjurations   | 5 |  5.3
Dodging        | |  2.4
Stealth        | |  2.4

Action                   || total
-------------------------++-------
Melee: Unarmed           ||     3
 Cast: Magic Dart        ||    72
  Eat: Chunk             ||     2
Armor: Robe              ||     4
Dodge: Dodged            ||    10
